 Dungeon Crawl Stone Soup version 0.19.5 (webtiles) character file.

36 Gargoyl the Skirmisher (level 3, -4/33 HPs)
             Began as a Ghoul Abyssal Knight on May 5, 2017.
             Was a Follower of Lugonu.
             Killed from afar by an orc wizard (6 damage)
             ... with a magic dart
             ... on level 4 of the Dungeon on May 6, 2017.
             The game lasted 00:04:19 (1307 turns).

Gargoyl the Skirmisher (Ghoul Abyssal Knight)       Turns: 1307, Time: 00:04:19

Health: -4/33      AC:  5    Str: 14 (15) XL:     3   Next: 37%
Magic:  3/3        EV: 10    Int:  6 (7)  God:    Lugonu [*.....]
Gold:   129        SH:  0    Dex:  8 (9)  Spells: 0 memorised, 2 levels left

rFire  . . .     SeeInvis .     b - +0 battleaxe (venom)
rCold  + . .     Gourm    .     d - +0 ring mail
rNeg   + + +     Faith    .     (shield currently unavailable)
rPois  ∞         Spirit   .     (no helmet)
rElec  .         Reflect  .     (no cloak)
rCorr  .         Harm     .     (no gloves)
MR     .....                    (no boots)
Stlth  ..........               (no amulet)
                                (no ring)
                                (no ring)

@: rotting
A: rotting body, claws 1, carnivore 3, cold resistance 1, negative energy
resistance 3, slow regeneration 1, torment resistance, unbreathing
a: Depart the Abyss, Renounce Religion


You were on level 4 of the Dungeon.
You worshipped Lugonu.
Lugonu was aware of your devotion.
You were not hungry.

You visited 1 branch of the dungeon, and saw 3 of its levels.
You visited the Abyss 1 time.

You collected 129 gold pieces.

Inventory:

Hand Weapons
 a - a +1 hand axe
 b - a +0 battleaxe of venom (weapon)
Armour
 d - a +0 ring mail (worn)
 l - a +0 plate armour
Scrolls
 h - a scroll of magic mapping {unknown}
 i - a scroll of enchant weapon {unknown}
 k - a scroll of identify {unknown}
Comestibles
 c - 3 meat rations
 j - a royal jelly


   Skills:
 + Level 3.7 Fighting
 + Level 2.3 Axes
 * Level 2.0 Armour
 + Level 1.3 Dodging
 * Level 2.3 Invocations


You had 2 spell levels left.
You didn't know any spells.

Dungeon Overview and Level Annotations

Branches:
Dungeon (2/15)

Altars:
Fedhas


Innate Abilities, Weirdness & Mutations

Your body is rotting away.
You thrive on raw meat.
You are immune to poison.
You have sharp fingernails.
You are carnivorous and can eat meat at any time.
Your flesh is cold resistant. (rC+)
You are immune to negative energy. (rN+++)
You regenerate slowly when monsters are visible.
You are immune to unholy pain and torment.
You can survive without breathing.


Message History

The orc wizard casts a spell at you.
The magic dart hits something.
Something hits you but does no damage. Something hits you.
* * * LOW HITPOINT WARNING * * *
It was a potion of cancellation.
Your magical effects are unravelling.
You feel magically purged.
You feel yourself speed up. Something hits you but does no damage.
The orc wizard mumbles some strange words.
The orc wizard seems to speed up.
The orc wizard gestures at you while chanting.
The magic dart hits something.
Reactivating autopickup.
Deactivating autopickup; reactivate with Ctrl-A.
You miss something. You barely miss the adder.
You hear some strange, mumbled words.
A magic dart appears from out of thin air!
The magic dart hits you!
You die...

.. ....[. .. ###
.....## #. ..#
....... ###. #.#
....... #...###.#
.......
..##....##.###o......
......_......#S).....
#.##....##..@{o.....
##...##.#########
#.####.# ... #.. ###.
..# .. ... .# .... #.
....


You could see 2 orc wizards and an adder.

Vanquished Creatures
  An ooze (D:2)
  A dart slug (D:1)
  An orc (D:4)
  2 goblins (D:1)
  3 hobgoblins (D:1)
  A ball python (D:1)
  6 bats
  7 frilled lizards (D:1)
  7 kobolds
  3 rats (D:2)
32 creatures vanquished.

Vanquished Creatures (others)
  An orc wizard (D:4)
1 creature vanquished.

Grand Total: 33 creatures vanquished

Notes
Turn   | Place    | Note
-------+----------+-------------------------------------------
     0 | Abyss:1  | Gargoyl the Ghoul Abyssal Knight began the quest for the Orb.
     0 | Abyss:1  | Reached XP level 1. HP: 19/19 MP: 1/1
    59 | Abyss:1  | Noticed a cyan very ugly thing
    74 | D:1      | Escaped the Abyss
   152 | D:1      | Reached skill level 1 in Dodging
   181 | D:1      | Reached * piety under Lugonu
   201 | D:1      | Reached XP level 2. HP: 16/26 MP: 2/2
   838 | D:1      | Reached XP level 3. HP: 26/31 MP: 3/3
  1282 | D:2      | You fall through a shaft for 2 floors!
  1282 | D:4      | Found a blossoming altar of Fedhas.
  1307 | D:4      | Killed from afar by an orc wizard

Skill      XL: |  1  2  3 |
---------------+----------+-----
Dodging        | 1 |  1.3
Axes           | 2 |  2.3
Armour         | 2 |  2.0
Fighting       | |  3.7
Invocations    | |  2.3

Action                   || total
-------------------------++-------
Melee: Hand axe          ||    68
       Battleaxe         ||    36
Invok: Depart the Abyss  ||     1
  Use: Potion            ||     5
       Scroll            ||     2
  Eat: Chunk             ||    14
Armor: Ring mail         ||    85
Dodge: Dodged            ||    93
